 Dungeon Crawl Stone Soup version 0.30-a0-394-g3e4acdb0ae (webtiles) character file.

Game seed: 6359038205085199058

149 bande the Trooper (level 5, -2/33 HPs)
             Began as a Gargoyle Fighter on Dec 7, 2022.
             Slain by an orc
             ... wielding a +0 trident
              (6 damage)
             ... on level 3 of the Dungeon.
             The game lasted 00:03:55 (1977 turns).

bande the Trooper (Gargoyle Fighter)                Turns: 1977, Time: 00:03:55

Health: -2/33      AC: 17    Str: 20    XL:     5   Next: 31%
Magic:  5/5        EV:  7    Int:  8    God:
Gold:   105        SH:  4    Dex: 11    Spells: 4/4 levels left

rFire   . . .      SeeInvis .    a - +1 war axe
rCold   . . .      Faith    .    c - +0 buckler
rNeg    + . .      Spirit   .    o - +0 chain mail
rPois   ∞          Reflect  .    (no helmet)
rElec   +          Harm     .    u - +2 cloak
rCorr   .          Rampage  .    (no gloves)
Will    .....                    b - +0 pair of boots
Stlth   ..........               (no amulet)
HPRegen 0.25/turn                (no ring)
MPRegen 0.09/turn                (no ring)

@: no status effects
A: sickness immunity, AC +4, negative energy resistance 1, electricity
resistance, torment resistance 1, petrification resistance
a: no special abilities


You were on level 3 of the Dungeon.
You visited 1 branch of the dungeon, and saw 3 of its levels.

You collected 105 gold pieces.

Inventory:

Hand Weapons
 a - a +1 war axe (weapon)
 n - a +0 flail
Armour
 b - a +0 pair of boots (worn)
 c - a +0 buckler (worn)
 o - a +0 chain mail (worn)
 u - a +2 cloak (worn)
Scrolls
 e - a scroll of identify
 i - 2 scrolls of blinking
 r - a scroll of fear
Potions
 d - a potion of might
 f - a potion of magic {unknown}
 g - 2 potions of heal wounds
 h - a potion of haste {unknown}
 j - a potion of berserk rage {unknown}
 k - a potion of lignification {unknown}
 p - a potion of flight {unknown}
 s - a potion of ambrosia {unknown}
 t - a potion of mutation {unknown}


   Skills:
 + Level 4.1 Fighting
 + Level 3.5 Axes
 + Level 4.0 Armour
 - Level 0.1 Dodging
 + Level 3.8 Shields


You had 4 spell levels left.
You didn't know any spells.
Your spell library contained the following spells:

 Spells                   Type           Power      Damage    Failure   Level
 Magic Dart               Conj           0%         1d3       99%         1
 Searing Ray              Conj           0%         2d4       100%        2
 Inner Flame              Hex/Fire       0%         N/A       100%        3
 Portal Projectile        Hex/Tloc       0%         N/A       100%        3
 Tukima's Dance           Hex            0%         N/A       100%        3
 Flame Wave               Conj/Fire      0%         2d4       100%        4
 Fulminant Prism          Conj/Hex       0%         3d5       100%        4
 Sticky Flame             Conj/Fire      0%         2d3       100%        4
 Blade Hands              Tmut           0%         N/A       100%        5


Dungeon Overview and Level Annotations

Branches:
Dungeon (3/15)

Altars:
Ashenzari


Innate Abilities, Weirdness & Mutations

You are immune to sickness and miasma.
Your stone body is resilient. (AC +4)
You are immune to poison.
You resist negative energy. (rN+)
You are resistant to electric shocks. (rElec)
You are resistant to unholy torment.
You are immune to petrification.


Message History

You block the adder's attack.
You closely miss the adder.
The adder is heavily wounded.
The adder closely misses you.
The orc priest miscasts a cantrip.
You block the orc's attack. The adder bites you but does no damage.
You slash the adder!
You kill the adder!
You hit the orc. The orc barely misses you. x2
Your Armour skill increases to level 4!
You slash the orc!
You kill the orc!
You hit the orc priest.
The orc hits you from afar with a +0 trident.
The orc priest hits you but does no damage.
The orc priest mumbles some strange prayers to Beogh against you.
Beogh smites you!
* * * LOW HITPOINT WARNING * * *
The orc hits you but does no damage. You block the orc's attack.
The orc priest hits you but does no damage.
You closely miss the orc.
You hit the orc priest but do no damage.
A bat comes into view.
You block the orc's attack. You block the orc priest's attack.
The bat moves out of view.
Unknown command.
You closely miss the orc priest.
The orc priest is lightly wounded.
You hit the orc. You block the orc's attack. You block the orc priest's attack.
Unknown command.
You slash the orc priest!
The orc priest is almost dead.
You completely miss the orc. The orc hits you but does no damage.
The orc priest hits you with a +0 war axe.
* * * LOW HITPOINT WARNING * * *
The orc priest hits you with a +0 war axe.
* * * LOW HITPOINT WARNING * * *
The orc hits you with a +0 trident.
You die...

...#########
.........(.#
...........#
...........# .
(..........# .#
...........#...
.......o..[....
#...o@.......
#...)..###...
#......#
#.....##
#......
........ #
...>...... .#
######.... .#
######


You could see an orc priest and an orc.

Vanquished Creatures
  Jessica (D:2)
  3 gnolls (D:1)
  2 adders
  A worm (D:2)
  2 dart slugs (D:2)
  An orc (D:3)
  6 endoplasms
  4 giant cockroaches
  8 goblins
  9 hobgoblins
  4 jackals (D:1)
  2 kobolds (D:1)
  2 quokkas
  7 ball pythons
  3 bats (D:1)
  6 frilled lizards
  4 rats
65 creatures vanquished.

Notes
Turn   | Place    | Note
-------+----------+-------------------------------------------
     0 | D:1      | bande the Gargoyle Fighter began the quest for the Orb.
     0 | D:1      | Reached XP level 1. HP: 14/14 MP: 1/1
   113 | D:1      | Reached XP level 2. HP: 17/19 MP: 2/2
   426 | D:1      | Reached XP level 3. HP: 24/24 MP: 3/3
   781 | D:1      | Reached XP level 4. HP: 22/29 MP: 4/4
   921 | D:2      | Noticed Jessica
   928 | D:2      | Killed Jessica
  1016 | D:2      | Reached XP level 5. HP: 32/33 MP: 5/5
  1076 | D:2      | Found a broken altar of Ashenzari.
  1977 | D:3      | Slain by an orc

Illustrated notes

Levels and vault maps discovered:
D:1:      grunt_arrival_crossed_arrows, layout_loops_cross,
          minmay_split_cup_small
D:2:      layout_basic, basic_altar, kennysheep_generic_room_12, uniq_jessica
D:3:      layout_basic, gammafunk_ghost_necromancy, hex_tiny

Skill      XL: |  1  2  3  4  5 |
---------------+----------------+-----
Axes           | 2 3 |  3.5
Fighting       | 4 |  4.1
Armour         | 4 |  4.0
Dodging        | |  0.1
Shields        | |  3.8

Action                   |  1- 3 |  4- 6 || total
-------------------------+-------+-------++-------
Melee: War axe           |   109 |    83 ||   192
  Use: Scroll            |       |     8 ||     8
Armor: Scale mail        |    74 |     4 ||    78
       Chain mail        |       |    47 ||    47
Dodge: Dodged            |    75 |    27 ||   102
Block: Buckler           |    30 |    26 ||    56

Table legend: (Time is in decaauts)
 A = Elapsed time spent in this place.
 B = Non-inter-level travel time spent in this place.
 C = Inter-level travel time spent in this place.
 D = Time resting spent in this place.
 E = Time spent auto-exploring this place.
 F = Levels seen in this place.
 G = Mean time per level.
                   A        B        C        D        E       F      G
               +--------+--------+--------+--------+--------+-----+--------+
         Total |   2063 |   2002 |     61 |     78 |   1392 |   3 |  687.7 |
       Dungeon |   2063 |   2002 |     61 |     78 |   1392 |   3 |  687.7 |
               +--------+--------+--------+--------+--------+-----+--------+

Top non-repeatable levels by time:
     D:2: 1167 daAuts
     D:1: 872 daAuts
     D:3: 23 daAuts
